 Dungeon Crawl Stone Soup version bcrawl-1.34.3 (webtiles) character file.

Game seed: 6877213561750846047

328938 KristoblXynda the Slicer (level 9, -4/64 HPs)
             Began as a Kobold Gladiator on Oct 17, 2021.
             Was an Initiate of Dithmenos.
             Killed from afar by an orc wizard (22 damage)
             ... with an exploding inner flame
             ... hexed by the player character
             ... on level 6 of the Dungeon.
             The game lasted 00:06:24 (4989 turns).

KristoblXynda the Slicer (Kobold Gladiator)         Turns: 4989, Time: 00:06:25

Health: -4/64      AC:  5    Str: 14    XL:     9   Next: 76%
Magic:  9/9        EV: 25    Int: 10    God:    Dithmenos [......]
Gold:   209        SH:  8    Dex: 22    Spells: 8/8 levels left

rFire    . . .     SeeInvis .   a - +0 rapier
rCold    . . .     Gourm    .   w - +0 buckler
rNeg     . . .     Faith    .   b - +0 leather armour
rPois    .         Spirit   .   c - +0 helmet
rElec    .         Reflect  .   (no cloak)
rCorr    .         Harm     .   q - +0 pair of gloves
MR       .....                  (no boots)
Stlth    +++++.....             o - amulet of regeneration
HPRegen  0.47/turn              (no ring)
MPRegen  0.11/turn              (no ring)

@: agile, lethally poisoned (-4 -> -5)
A: small, talons 1, carnivore, mutation resistance 1, sense surroundings 2
a: Renounce Religion


You were on level 6 of the Dungeon.
You worshipped Dithmenos.
Dithmenos was noncommittal.
You were hungry.

You visited 2 branches of the dungeon, and saw 8 of its levels.

You collected 209 gold pieces.

Inventory:

Hand Weapons
 a - a +0 rapier (weapon)
Missiles
 d - 2 throwing nets (quivered) {=f}
Armour
 b - a +0 leather armour (worn)
 c - a +0 helmet (worn)
 q - a +0 pair of gloves (worn)
 w - a +0 buckler (worn)
 y - a +0 cloak
Jewellery
 o - an amulet of regeneration (around neck)
 B - an uncursed ring of ice {unknown}
Wands
 s - a wand of disintegration (9)
Scrolls
 g - a scroll of magic mapping
 i - 2 scrolls of identify
 k - 3 scrolls of remove curse
 m - a scroll of blinking {unknown}
 n - 3 scrolls of teleportation
 p - 2 scrolls of amnesia {unknown}
 r - 4 scrolls of enchant weapon
 v - a scroll of fog {unknown}
 x - a scroll of noise {unknown}
 A - a scroll of summoning {unknown}
 C - a scroll of vulnerability {unknown}
 D - a scroll of immolation {unknown}
 E - a scroll of brand weapon {unknown}
Potions
 f - 3 potions of heal wounds
 j - 4 potions of curing
 l - 2 potions of brilliance
 t - 2 potions of flight
 u - a potion of magic {unknown}
 z - 2 potions of might
Comestibles
 e - 8 rations {!d}


   Skills:
 + Level 7.2 Fighting
 + Level 8.6 Short Blades
 - Level 2.6 Throwing
 + Level 7.9 Dodging
 + Level 8.2 Stealth
 + Level 4.5 Shields


You had 8 spell levels left.
You didn't know any spells.
Your spell library was empty.

Dungeon Overview and Level Annotations

Branches:
Dungeon (7/12)             Temple (1/1) D:6
   Lair: D:7-9

Altars:
Ashenzari
Cheibriados
Dithmenos
Elyvilon
Fedhas
Gozag
Hepliaklqana
Kikubaaqudgha
Lugonu
Makhleb
Nemelex Xobeh
Okawaru
Qazlal
Ru
Sif Muna
Trog
Uskayaw
Vehumet
Yredelemnul
Zin
The Shining One


Innate Abilities, Weirdness & Mutations

You are small and have problems with some larger weapons.
You have sharp toenails.
You are carnivorous and can eat meat at any time.
You are somewhat resistant to further mutation.
You passively map the area around you.


Message History

You miss the hornet. Your kick misses the hornet.
The hornet is almost dead.
You feel sick. You block the hornet's attack. The hornet misses you.
You barely miss the hornet. Your kick misses the hornet.
The hornet is almost dead.
The hornet misses you.
You puncture the hornet!
You kill the hornet!
Dithmenos accepts your kill.
Evoke which item? (* to show all) (? for menu, Esc to quit)
Aiming: Disintegrate
Press: ? - help, Shift-Dir - straight line Something is blasted!
The fiery explosion engulfs the orc!!
You kill the orc!
Dithmenos accepts your kill.
The fiery explosion engulfs the orc!!
You kill the orc!
Dithmenos accepts your kill. The fiery explosion engulfs you!!
You die...

* , ,#....'....# , * ,,
#....#....# * , , ,
#....#....# , ,
#....#...>#
+##############'#########
.........#8........#
*........Z#.........#
*.......o§#§........#
......Z.§§@.......8#
####################


You could see an orc and an adder skeleton.

Vanquished Creatures
  A centaur warrior (D:7)
  A hornet (D:6)
  Sigmund (D:5)
  2 sky beasts
  An ice beast (D:4)
  3 ogres
  A big kobold (D:7)
  A gnoll sergeant (D:6)
  4 scorpions
  A howler monkey (D:6)
  2 orc priests (D:4)
  3 crimson imps (D:4)
  2 centaur skeletons
  An orc wizard (D:5)
  3 worker ants
  A hound skeleton (D:3)
  4 gnolls (D:6)
  5 adders
  2 shadow imps
  An adder zombie (D:5)
  An adder skeleton (D:4)
  2 worms (D:3)
  3 dart slugs
  3 leopard geckos
  6 orcs
  A ball python (D:1)
  6 giant cockroaches
  6 goblins
  6 hobgoblins
  9 jackals
  12 kobolds
  2 quokkas
  2 bats (D:1)
  3 frilled lizards
  4 rats (D:1)
106 creatures vanquished.

Notes
Turn   | Place    | Note
-------+----------+-------------------------------------------
     0 | D:1      | KristoblXynda the Kobold Gladiator began the quest for the
                  | Orb.
     0 | D:1      | Reached XP level 1. HP: 16/16 MP: 1/1
   153 | D:1      | Reached XP level 2. HP: 21/21 MP: 2/2
   154 | D:1      | Reached skill level 1 in Stealth
   287 | D:1      | Reached XP level 3. HP: 26/26 MP: 3/3
  1508 | D:3      | Reached XP level 4. HP: 26/33 MP: 4/4
  1582 | D:3      | Noticed an ogre
  1593 | D:3      | Killed an ogre
  1594 | D:3      | Reached skill level 5 in Short Blades
  1594 | D:3      | Reached XP level 5. HP: 37/37 MP: 5/5
  1820 | D:3      | Reached XP level 6. HP: 37/44 MP: 6/6
  2142 | D:4      | Noticed an ice beast
  2171 | D:4      | Reached skill level 5 in Dodging
  2258 | D:4      | Killed an ice beast
  2276 | D:4      | Reached XP level 7. HP: 38/49 MP: 7/7
  2316 | D:4      | Reached skill level 5 in Fighting
  2411 | D:4      | Reached skill level 5 in Stealth
  2957 | D:5      | Entered Level 5 of the Dungeon
  2987 | D:5      | Reached skill level 1 in Shields
  2987 | D:5      | Reached XP level 8. HP: 16/56 MP: 8/8
  3068 | D:5      | Noticed Sigmund
  3098 | D:5      | Killed Sigmund
  4118 | D:6      | Reached XP level 9. HP: 45/63 MP: 9/9
  4225 | D:6      | Found a staircase to the Ecumenical Temple.
  4435 | Temple   | Entered the Ecumenical Temple
  4533 | Temple   | Became a worshipper of Dithmenos the Shadowed
  4877 | D:7      | Noticed a centaur warrior
  4881 | D:7      | Killed a centaur warrior
  4957 | D:6      | Noticed a hornet
  4988 | D:6      | Killed a hornet
  4989 | D:6      | Killed from afar by an orc wizard

Skill      XL: |  1  2  3  4  5  6  7  8  9 |
---------------+----------------------------+-----
Stealth        | 1 2 3 4 5 7 8 |  8.2
Dodging        | 4 5 6 7 |  7.9
Fighting       | 4 5 6 7 |  7.2
Short Blades   | 5 6 7 8 |  8.6
Shields        | 1 3 4 |  4.5
Throwing       | |  2.6

Action                   |  1- 3 |  4- 6 |  7- 9 || total
-------------------------+-------+-------+-------++-------
Melee: Rapier            |    85 |   107 |   207 ||   399
       Kick              |    21 |    27 |    63 ||   111
Throw: Throwing net      |       |     2 |       ||     2
Evoke: Wand              |       |     2 |       ||     2
  Use: Scroll            |     5 |     2 |     1 ||     8
       Potion            |       |       |     3 ||     3
 Stab: Sleeping          |     4 |       |    14 ||    18
       Held in net/web   |       |     1 |       ||     1
  Eat: Chunk             |     3 |     6 |    12 ||    21
Armor: Leather armour    |    19 |    21 |    16 ||    56
Dodge: Dodged            |    90 |   100 |   111 ||   301
Block: Buckler           |       |       |    38 ||    38
